[Event "FIDE WSTC Open 50 2025"]
[Site "Prague"]
[Date "2025.02.19"]
[Round "3.15"]
[White "Kuna, Ralf-Michael"]
[Black "Tikzhanov, Yerlan"]
[Result "1-0"]
[Annotator "RC"]
[ECO "C01"]
[WhiteElo "2072"]
[BlackElo "2323"]
[PlyCount "81"]
[EventDate "2025.02.17"]
[EventType "team-tourn"]
[EventCountry "CZE"]
[SourceTitle "playchess.com"]
[Source "ChessBase"]
[SourceQuality "1"]
[TimeControl "40/5400+30:1800+30"]

1. e4 e6 2. d4 d5 3. exd5 exd5 4. Nf3 Nf6 5. Bd3 Bd6 6. Qe2+ Qe7 7. Qxe7+ Kxe7 8. O-O Re8 9. Nc3 c6 10. Bg5 h6 11. Rfe1+ Be6 12. Bh4 Nbd7 13. Nd1 g5 14. Bg3 Nh5 15. Ne3 Nxg3 16. hxg3 Kf6 17. g4 Bf4 18. Nh2 Rh8 19. g3 Bc7 20. Kg2 c5 21. c3 cxd4 22. cxd4 Bb6 23. Nf3 h5 24. Bf5 Nb8 25. Bxe6 fxe6 26. gxh5 Rxh5 27. Ng4+ Ke7 28. Re2 Nc6 29. Rae1 Nxd4 30. Nxd4 Bxd4 31. Rxe6+ Kd7 32. Re7+ Kc6 33. R1e6+ Kb5 34. Rxb7+ Bb6 35. Rd7 d4 36. Rd5+ Kc4 37. Red6 Kd3 38. a4 Re8 39. Nf6 Rhh8 40. Nxe8 Rxe8 41. a5 1-0

[Event "FIDE WSTC Open 50 2025"]
[Site "Prague"]
[Date "2025.02.19"]
[Round "3.16"]
[White "Min, Valeriy"]
[Black "Haentsch, Ralf"]
[Result "1/2-1/2"]
[Annotator "RC"]
[ECO "D38"]
[WhiteElo "2273"]
[BlackElo "2087"]
[PlyCount "97"]
[EventDate "2025.02.17"]
[EventType "team-tourn"]
[EventCountry "CZE"]
[SourceTitle "playchess.com"]
[Source "ChessBase"]
[SourceQuality "1"]
[TimeControl "40/5400+30:1800+30"]

1. Nf3 d5 2. d4 Nf6 3. c4 e6 4. Nc3 Bb4 5. Bg5 h6 6. Bxf6 Bxc3+ 7. bxc3 Qxf6 8. Qb3 c6 9. e3 O-O 10. Ne5 Rd8 11. Be2 Nd7 12. Nxd7 Rxd7 13. O-O Rc7 14. f4 b6 15. Rae1 Ba6 16. Qa4 Bxc4 17. Bxc4 dxc4 18. Qxc4 Qe7 19. e4 Rd8 20. Qa4 Qd7 21. Rd1 c5 22. Qb3 cxd4 23. cxd4 Qc6 24. Qe3 Qa4 25. f5 Qxa2 26. Rd2 Rc2 27. Rxc2 Qxc2 28. fxe6 fxe6 29. Rc1 Qa4 30. d5 exd5 31. exd5 Qd7 32. Rd1 Qd6 33. Qb3 a5 34. h3 Qc5+ 35. Kh1 Rd6 36. Rb1 Qxd5 37. Qxd5+ Rxd5 38. Rxb6 h5 39. Ra6 Kf7 40. Kh2 h4 41. Kg1 g5 42. Kf2 Ke7 43. g3 hxg3+ 44. Kxg3 Kd7 45. Kf3 Kc7 46. Ke4 Rb5 47. Kd4 Kb7 48. Rg6 Kc7 49. Ra6 1/2-1/2

[Event "FIDE WSTC Open 50 2025"]
[Site "Prague"]
[Date "2025.02.19"]
[Round "3.17"]
[White "Ftacnik, Lubomir"]
[Black "Muir, Andrew J"]
[Result "1-0"]
[Annotator "TA"]
[ECO "E04"]
[WhiteElo "2438"]
[BlackElo "2166"]
[PlyCount "91"]
[EventDate "2025.02.17"]
[EventType "team-tourn"]
[EventCountry "CZE"]
[SourceTitle "playchess.com"]
[Source "ChessBase"]
[SourceQuality "1"]
[TimeControl "40/5400+30:1800+30"]

1. c4 e6 2. Nf3 d5 3. d4 Nf6 4. g3 dxc4 5. Bg2 a6 6. Ne5 Bb4+ {[%emt 0:00:42] 6...Bb4+ scores better than 6...c5. E04: Open Catalan: 5 Nf3.} 7. Nc3 Nd5 8. O-O Nxc3 {[%emt 0:04:12] The position is equal.} 9. bxc3 Bxc3 10. Rb1 Qxd4 11. Qa4+ b5 12. Qa3 Qxe5 {[%emt 0:15:32] A sharp opening} 13. Bf4 Qf6 (13... Qxe2 $2 14. Qxc3 (14. Bxa8 Bf6 $14) 14... O-O 15. Bxa8 $18) 14. Bxa8 $146 (14. Bxc7 $1 $11 {was the only way to keep the balance.} Be5 (14... b4 15. Rxb4 Bxb4 16. Qxb4 $11) 15. Bxe5 (15. Bxa8 $2 Bxc7 16. Bg2 Qe7 $19) 15... Qxe5 16. Bxa8) ({Predecessor:} 14. Bxc7 b4 15. Rxb4 Bxb4 16. Qxb4 a5 17. Qxc4 Ra6 18. Bxb8 O-O 19. Rc1 Rb6 20. Bc7 {0-1 Iturrizaga Bonelli,E (2617)-Caruana,F (2782) Aimchess Rapid Div 1 W 2023 (1.2)}) 14... Be5 (14... e5 $1 $17 15. Qxc3 exf4) 15. Bxe5 $15 Qxe5 16. Rfd1 {[%emt 0:01:19] Against Qd6} c5 (16... Qxe2 $6 17. Qc5 $14) 17. Qa5 $1 {[%emt 0:02:33][%csl Gd1][%cal Ra5d8] Repels Qc7} O-O (17... Qxe2 18. Qd8#) 18. Rd8 $40 {[%emt 0:04:14][%mdl 128] Threatening mate with Rxf8+. White is up to no good.} Nd7 (18... Qxe2 19. Rxf8+ Kxf8 20. Qd8#) 19. Bc6 Qd6 (19... Qg5 $11 {keeps the balance.} 20. Rxf8+ (20. Rxd7 Bxd7 21. Bxd7 Qd5 $15) 20... Nxf8) 20. Bxd7 $1 $16 Bxd7 21. Rxf8+ Qxf8 22. Qxa6 {[%emt 0:04:33][%mdl 4096] Endgame KQR-KQB} c3 23. Rd1 $1 {[%emt 0:02:19][%mdl 1024] White has compensation.} Be8 {[%emt 0:03:53] [#] White now steadily converts the win.} 24. Rd3 $1 {[%emt 0:07:37] White is more active.} b4 {[%emt 0:00:53] aiming for ...g6.} 25. Rd8 Qe7 {[%emt 0:06:42] [#]} 26. Rc8 f6 (26... h6 $16 {was called for.}) 27. Qc4 Kf7 (27... h6 $16 28. Rxc5 Qd7) 28. Rxc5 $18 (28. Qxc5 Qxc5 29. Rxc5 Ba4 $11) 28... Bd7 (28... Qd6 $142 29. Qxb4 Bc6) 29. Qxb4 Qd6 30. Qxc3 Qd1+ 31. Kg2 Qxe2 32. Qc2 Qa6 33. Rc7 ({Not} 33. Qxh7 Qa8+ 34. Kg1 Qxa2 35. Qh5+ Ke7 $18) 33... Qd6 34. Qc5 Qd3 35. Qc4 (35. Qc6 Ke8 36. Qa8+ Ke7 $18) 35... Qd6 36. a4 Ke8 37. a5 Kd8 38. Rc5 Qb8 39. h4 Qa8+ 40. Kg1 {[%emt 0:00:36] Threatens to win with Qd3.} Qb7 41. Qd3 h6 42. a6 Qb6 43. Rc1 (43. Qa3 $142 Ke8 44. a7 Bc6 45. Rxc6 (45. a8=B Bd7 $18) 45... Qxc6 46. a8=Q+ (46. a8=B Qd7 $18) 46... Qxa8 47. Qxa8+ Kf7 48. Qb7+ (48. Qa4 f5 $18) 48... Kf8 49. h5 (49. Qa8+ Ke7 $18)) 43... Ke8 44. Rb1 Qc5 45. Rb8+ (45. Qg6+ $142 Kf8 46. Rb8+ Ke7 47. Qxg7+ Kd6 48. Rd8 (48. Qxh6 Qa5 $18) (48. Qxf6 Qc1+ 49. Kh2 Bc6 $18) 48... Qc1+ 49. Kh2 Qc7 50. Qxd7+ (50. Qxf6 Kd5 $18) 50... Qxd7 51. Rxd7+ Kxd7 52. a7) 45... Ke7 46. Rb7 {[%emt 0:00:12] Weighted Error Value: White=0.33/Black=0.67  Mistake:       	White=1     	Black=5      Inaccurate:     	White=1     	Black=4      OK:         	White=20    	Black=8      Best:        	White=7     	Black=3      Strong:       	White=4     	---} 1-0

[Event "FIDE WSTC Open 50 2025"]
[Site "Prague"]
[Date "2025.02.19"]
[Round "3.18"]
[White "Farrell, Neil"]
[Black "Mrva, Martin"]
[Result "0-1"]
[Annotator "RC"]
[ECO "E71"]
[WhiteElo "2116"]
[BlackElo "2394"]
[PlyCount "82"]
[EventDate "2025.02.17"]
[EventType "team-tourn"]
[EventCountry "CZE"]
[SourceTitle "playchess.com"]
[Source "ChessBase"]
[SourceQuality "1"]
[TimeControl "40/5400+30:1800+30"]

1. d4 Nf6 2. c4 g6 3. Nc3 Bg7 4. e4 d6 5. h3 O-O 6. Be3 e5 7. d5 Na6 8. g4 Nc5 9. f3 Nfd7 10. h4 f5 11. g5 a5 12. Qd2 a4 13. O-O-O c6 14. h5 f4 15. Bxc5 Nxc5 16. dxc6 bxc6 17. h6 Bh8 18. Bh3 a3 19. b3 Qa5 20. Nge2 Bxh3 21. Rxh3 Rfd8 22. Rhh1 Qb4 23. Qc2 Ne6 24. Rd3 Nxg5 25. Kb1 Ne6 26. Qd2 Rab8 27. Rd1 Qxc4 28. Rxd6 Rxb3+ 29. Ka1 Rxd6 30. Qxd6 Rxc3 31. Qb8+ Nf8 32. Nxc3 Qxc3+ 33. Kb1 Bf6 34. Qb7 Qxf3 35. Rd6 Qxe4+ 36. Kc1 Qe1+ 37. Kc2 Qe2+ 38. Kb1 Be7 39. Qb3+ Kh8 40. Rxc6 Qe4+ 41. Rc2 f3 0-1

[Event "FIDE WSTC Open 50 2025"]
[Site "Prague"]
[Date "2025.02.19"]
[Round "3.19"]
[White "Stohl, Igor"]
[Black "Neave, George"]
[Result "1-0"]
[Annotator "RC"]
[ECO "E73"]
[WhiteElo "2409"]
[BlackElo "2074"]
[PlyCount "55"]
[EventDate "2025.02.17"]
[EventType "team-tourn"]
[EventCountry "CZE"]
[SourceTitle "playchess.com"]
[Source "ChessBase"]
[SourceQuality "1"]
[TimeControl "40/5400+30:1800+30"]

1. d4 Nf6 2. c4 g6 3. Nc3 Bg7 4. e4 d6 5. Be2 O-O 6. Be3 e5 7. d5 Na6 8. h4 Nc5 9. Qc2 c6 10. h5 Bd7 11. h6 Bh8 12. b4 Na6 13. a3 cxd5 14. cxd5 Ne8 15. g4 f5 16. gxf5 gxf5 17. Nf3 Bf6 18. exf5 e4 19. Nd4 Rc8 20. Qd2 Bxf5 21. Rc1 Bd7 22. Nxe4 Rxc1+ 23. Qxc1 Be7 24. Rg1+ Kh8 25. Ne6 Bxe6 26. Bd4+ Nf6 27. dxe6 Nc7 28. Ng5 1-0

[Event "FIDE WSTC Open 50 2025"]
[Site "Prague"]
[Date "2025.02.19"]
[Round "3.20"]
[White "Robertson, Ian C."]
[Black "Motuz, Karol"]
[Result "1/2-1/2"]
[Annotator "RC"]
[ECO "A46"]
[WhiteElo "2064"]
[BlackElo "2293"]
[PlyCount "43"]
[EventDate "2025.02.17"]
[EventType "team-tourn"]
[EventCountry "CZE"]
[SourceTitle "playchess.com"]
[Source "ChessBase"]
[SourceQuality "1"]
[TimeControl "40/5400+30:1800+30"]

1. d4 Nf6 2. Nf3 e6 3. e3 Be7 4. Bd3 b6 5. c4 Bb7 6. Nc3 c5 7. O-O cxd4 8. exd4 O-O 9. d5 h6 10. Bf4 exd5 11. Nxd5 Nxd5 12. cxd5 d6 13. Re1 Nd7 14. Bb5 Ne5 15. Nxe5 dxe5 16. Bxe5 Bxd5 17. Qg4 Bf6 18. Rad1 Be6 19. Qa4 Qc8 20. Bxf6 gxf6 21. Qf4 Qc5 22. Bd3 1/2-1/2

[Event "FIDE WSTC Open 50 2025"]
[Site "Prague"]
[Date "2025.02.19"]
[Round "3.21"]
[White "Ehlvest, Jaan"]
[Black "Olivier, Pierre"]
[Result "1-0"]
[Annotator "TA"]
[ECO "B30"]
[WhiteElo "2531"]
[BlackElo "2152"]
[PlyCount "71"]
[EventDate "2025.02.17"]
[EventType "team-tourn"]
[EventCountry "CZE"]
[SourceTitle "playchess.com"]
[Source "ChessBase"]
[SourceQuality "1"]
[TimeControl "40/5400+30:1800+30"]

1. e4 c5 2. Nf3 Nc6 3. Bb5 Nf6 4. e5 Nd5 5. Nc3 Nc7 6. a4 g6 7. O-O Bg7 8. Re1 O-O 9. d3 Nd4 10. Bc4 b6 {[%emt 0:25:42] B31: Sicilian: 2...Nc6 3 Bb5 g6.} (10... d6 $11) 11. Nxd4 $14 cxd4 12. Nb5 Nxb5 {[%emt 0:05:09] White is slightly better.} 13. axb5 Bb7 {[%emt 0:03:04] Prevents Bd5} (13... d5 $14 14. exd6 Qxd6) 14. Bg5 $16 {[%emt 0:05:28] White is more active.} Kh8 $146 (14... h6 $16) (14... h6 15. Bh4 Kh7 16. Bb3 g5 17. Bg3 e6 18. Ra4 f5 19. exf6 Qxf6 20. f3 Qf5 {1-0 Bosboom,M (2426)-Reinderman,D (2588) BL2-West 1415 2014 (3.4)}) 15. Qg4 $18 f6 16. exf6 {[%emt 0:00:10] Black is weak on the light squares} exf6 17. Bf4 d5 18. Bb3 a6 19. bxa6 Rxa6 20. Rxa6 Bxa6 21. Qe6 {[%emt 0:01:10] Prevents Re8} Bb5 {[%emt 0:06:43] [#] ...Re8 is the strong threat.} 22. Qxd5 (22. Bxd5 $2 {is the wrong capture.} Re8 $19) 22... Qxd5 23. Bxd5 Re8 (23... Rc8 $142 24. Bb3 Bf8) 24. Ra1 {[%emt 0:15:33] Bc7 is the strong threat.} Bf8 25. h4 Rd8 26. Bb3 Bc5 27. Ra7 Re8 28. Kf1 $36 {[%emt 0:19:38][%mdl 2048] Black is under strong pressure.} Re7 29. Rxe7 Bxe7 {[%emt 0:00:02][%mdl 4096] Endgame KBB-KBB. White is a pawn up.} 30. Bc7 Bc5 31. Bd5 Ba6 32. Ke2 b5 33. Kf3 h5 (33... Bc8 {is a better defense.} 34. Bc6 b4) 34. Ke4 Bc8 35. Bc6 b4 36. Kd5 {[%emt 0:00:32] Repels Be6+. White took control after the opening.   Weighted Error Value: White=0.05 (flawless) /Black=0.31  Mistake:       	---       	Black=4      OK:         	White=17    	Black=7      Best:        	White=2     	Black=1} 1-0

[Event "FIDE WSTC Open 50 2025"]
[Site "Prague"]
[Date "2025.02.19"]
[Round "3.22"]
[White "Kirszenberg, Marc"]
[Black "Kaidanov, Gregory"]
[Result "0-1"]
[Annotator "TA"]
[ECO "D35"]
[WhiteElo "2080"]
[BlackElo "2513"]
[PlyCount "82"]
[EventDate "2025.02.17"]
[EventType "team-tourn"]
[EventCountry "CZE"]
[SourceTitle "playchess.com"]
[Source "ChessBase"]
[SourceQuality "1"]
[TimeControl "40/5400+30:1800+30"]

1. d4 d5 2. c4 e6 3. Nc3 Nf6 4. cxd5 exd5 5. Bg5 Be7 6. e3 h6 7. Bh4 Bg4 {[%emt 0:00:32] D35: Queen's Gambit Declined: Exchange Variation.} 8. f3 Be6 9. Bd3 c5 {[%emt 0:00:41] The position is equal.} 10. Nge2 Nc6 11. O-O O-O 12. Kh1 Rc8 13. Rc1 cxd4 14. exd4 Re8 15. Na4 $146 ({Predecessor:} 15. a3 Qd7 16. Bb1 Bf5 17. Ba2 Be6 18. Nf4 Nh5 19. Nxe6 fxe6 20. f4 Nf6 21. f5 {1-0 Salem,A (2622)-Ghosh,D (2569) Wch Blitz New York 2024 (5)}) 15... Nb4 16. Bb1 Rxc1 17. Nxc1 Nc6 18. Nc5 Bc8 19. Bf2 Bd6 20. Re1 Rxe1+ 21. Qxe1 Qc7 22. N1d3 Bf5 (22... Bxh2 $6 23. g3 $16) 23. Nb3 Bg6 (23... Bxh2 24. g3 $16) 24. Bh4 Nd7 {[%emt 0:02:58] Black is more active.} (24... Bxh2 $2 25. Bxf6 gxf6 26. Nb4 $17) 25. Bg3 Nf8 26. Bxd6 Qxd6 27. Ne5 ({White should play} 27. Ndc5) 27... Bxb1 $17 28. Nxc6 Bxa2 29. Ne7+ (29. Nca5 {keeps fighting.}) 29... Kh8 30. Nc5 b6 $40 {[%emt 0:04:18][%mdl 128] Black has strong attack.} 31. Na4 {[%emt 0:06:06] [#]} (31. Nd3 $17) 31... Ne6 32. Nc3 Bb3 33. Qh4 Ng5 (33... Nxd4 $19 {And now ...Ne6 would win.} 34. Nc8 Qe6 35. Qxd4 Qxc8) 34. Qe1 Ne6 (34... Qf4 $17 35. h3 Ne6 (35... Qxd4 $2 {perishes.} 36. Qg3 $18) 36. Ncxd5 Bxd5 (36... Qxd4 $2 37. Qg3 $18) 37. Nxd5 Qxd4) 35. Qh4 $19 {[%emt 0:00:05] [#]} Nxd4 36. Nexd5 (36. Qxd4 Qxe7) 36... Nxf3 37. Qh3 Bxd5 38. gxf3 Qe6 39. Qg3 Bc6 40. Kg2 Kh7 41. Qc7 Qg4+ {[%emt 0:30:34] Weighted Error Value: White=0.21 (precise) /Black=0.15 (very precise)   Mistake:       	White=3     	Black=2      Inaccurate:     	White=2     	Black=1      OK:         	White=9     	Black=19     Best:        	White=1     	---} 0-1

[Event "FIDE WSTC Open 50 2025"]
[Site "Prague"]
[Date "2025.02.19"]
[Round "3.23"]
[White "Novikov, Igor"]
[Black "Guiot Dorel, Jerome"]
[Result "1-0"]
[Annotator "TA"]
[ECO "D11"]
[WhiteElo "2490"]
[BlackElo "2030"]
[PlyCount "77"]
[EventDate "2025.02.17"]
[EventType "team-tourn"]
[EventCountry "CZE"]
[SourceTitle "playchess.com"]
[Source "ChessBase"]
[SourceQuality "1"]
[TimeControl "40/5400+30:1800+30"]

1. d4 d5 2. c4 c6 3. Nf3 Nf6 4. Qc2 dxc4 5. Qxc4 Bg4 6. Nbd2 Nbd7 {[%emt 0:03:29] D23: Queen's Gambit Accepted: 3 Nf3 Nf6 sidelines.} 7. h3 Bf5 (7... Bxf3 {with more complications.} 8. Nxf3 e5 9. dxe5 Nxe5 10. Nxe5 Qa5+) 8. e3 h6 $146 {[%emt 0:03:31] The position is equal.} (8... g6 9. Ng5 Be6 10. Nxe6 fxe6 11. Qxe6 Qc7 12. Be2 Bg7 13. Bf3 Nf8 14. Qb3 O-O-O {1-0 Goslawski,M (2091)-Krstulovic,A (2360) Warsaw Najdorf Memorial op-A 17th 2019 (1)}) 9. Be2 e6 10. O-O Be7 11. b4 O-O 12. a4 a5 13. Ba3 Nb6 14. Qb3 axb4 15. Bxb4 Nbd5 16. Bc5 (16. Bxe7 $14 Qxe7 17. Ne5) 16... Qc7 (16... Bxc5 $11 17. dxc5 Qc7) 17. Rfc1 (17. Bxe7 {simplifies} Qxe7 18. Rfc1 Ra5 19. Nc4) 17... Rfc8 18. Ne5 Ne4 19. Nxe4 Bxe4 20. Nc4 Re8 21. a5 Nf6 22. Bb6 Qc8 {[%emt 0:01:06][%csl Ob6] Strong Square White (b6)} 23. Nd2 Bg6 24. Bf3 Bf8 25. e4 ({Better is} 25. a6 $16) 25... Qb8 $14 26. e5 Nd7 27. Nc4 Nxb6 28. Nxb6 Ra7 29. Nd7 Qa8 30. Qc3 Be7 31. g3 $1 Bd8 32. Nb6 Bxb6 33. axb6 Rxa1 (33... Ra6 $11) 34. Rxa1 $16 ({Resist} 34. Qxa1 Bd3 $14) 34... Qd8 35. Qc5 {[%emt 0:00:12] White is more active.} Qd7 (35... Bd3 $16 36. Ra3 Bb5) 36. Ra7 {[%emt 0:02:39][%cal Of3c6] [#] Threatens to win with Bxc6!.} Rc8 (36... Kh7 37. Qd6 Qc8) 37. Qd6 $18 {[%emt 0:00:55] White is clearly winning.} Qxd6 38. exd6 Rd8 39. Rxb7 {[%emt 0:00:20] Weighted Error Value: White=0.08 (flawless) /Black=0.24 (precise)   Mistake:       	White=2     	Black=4      Inaccurate:     	White=1     	Black=2      OK:         	White=14    	Black=11     Best:        	---       	Black=1      Strong:       	White=1     	---} 1-0

[Event "FIDE WSTC Open 50 2025"]
[Site "Prague"]
[Date "2025.02.19"]
[Round "3.24"]
[White "Coste, Thierry"]
[Black "Rachels, Stuart"]
[Result "1/2-1/2"]
[Annotator "TA"]
[ECO "B57"]
[WhiteElo "2027"]
[BlackElo "2466"]
[PlyCount "37"]
[EventDate "2025.02.17"]
[EventType "team-tourn"]
[EventCountry "CZE"]
[SourceTitle "playchess.com"]
[Source "ChessBase"]
[SourceQuality "1"]
[TimeControl "40/5400+30:1800+30"]

1. e4 c5 2. Nf3 d6 3. d4 cxd4 4. Nxd4 Nf6 5. Nc3 Nc6 6. Bc4 Bd7 7. Be3 Ng4 8. Nxc6 bxc6 9. Bd2 {[%emt 0:00:51] B57: Classical Sicilian: Sozin with 6...Qb6.} g6 10. f4 Bg7 11. h3 Nf6 12. e5 Nd5 13. Nxd5 cxd5 14. Bxd5 Rb8 15. O-O e6 16. Bb3 {[%emt 0:09:54] White is slightly better.} dxe5 17. Bc3 Qc7 $146 (17... Qb6+ 18. Kh2 Bb5 19. Re1 Rd8 20. Qg4 O-O 21. fxe5 Bh6 22. Re4 Bc6 23. Rd4 Be3 {1-0 Chen,R (2342)-Melillo,L (2297) Austin Spring GM 2024 (1)}) 18. Qe1 O-O 19. fxe5 {[%emt 0:05:24] Weighted Error Value: White=0.02 (flawless) /Black=0.05 (flawless)   Inaccurate:     	---       	Black=1      OK:         	White=6     	Black=7} 1/2-1/2

[Event "FIDE WSTC Open 50 2025"]
[Site "Prague"]
[Date "2025.02.19"]
[Round "3.25"]
[White "Sikorova, Olga"]
[Black "Andersson, Ulf"]
[Result "0-1"]
[Annotator "TA"]
[ECO "A36"]
[WhiteElo "2134"]
[BlackElo "2518"]
[PlyCount "112"]
[EventDate "2025.02.17"]
[EventType "team-tourn"]
[EventCountry "CZE"]
[SourceTitle "playchess.com"]
[Source "ChessBase"]
[SourceQuality "1"]
[TimeControl "40/5400+30:1800+30"]

1. c4 c5 2. g3 g6 3. Bg2 Bg7 4. Nc3 Nc6 5. d3 Nf6 6. e4 O-O 7. Nge2 a6 8. a4 Rb8 9. O-O d6 10. h3 Ne8 11. Be3 Nd4 12. Rb1 Bd7 13. b4 {[%emt 0:09:22] A36: Symmetrical English vs ...g6: 4 Bg2 Bg7.} Nc7 14. b5 axb5 15. axb5 {[%emt 0:00:37] White has an edge.} Ra8 16. Kh2 Nce6 $146 {[%emt 0:04:59] [#]} ({Predecessor:} 16... b6 17. Qc1 e6 18. Bg5 f6 19. Be3 e5 20. Bh6 Qe7 21. Bxg7 Qxg7 22. Qb2 Qh6 23. Nxd4 cxd4 {0-1 Popov,M (2369)-Chigaev,M (2531) EU-ch rapid Tallinn 2016 (6)}) 17. e5 Bc8 18. exd6 Qxd6 19. Ne4 Qb6 20. N2c3 f5 21. Nd5 Qd8 22. Nec3 Qd6 23. Qd2 Bd7 24. Nf4 (24. h4 $14) 24... Ra3 25. Nxe6 (25. Bxb7 $2 Rxc3 26. Qxc3 Nf3+ 27. Bxf3 Bxc3 $19) 25... Bxe6 26. Bf4 (26. Bxb7 $2 Rxc3 27. Bf4 (27. Qxc3 $2 Nf3+ 28. Bxf3 Bxc3 $19) 27... Qb6 $19) 26... Qd7 27. Ne2 Bf7 28. Nxd4 Bxd4 29. Qe2 b6 30. Bc1 Ra7 31. Bb2 Ra2 32. Rfd1 Rd8 {[%emt 0:06:56] White should prevent ...Rxb2.} 33. Bf3 Qd6 34. Qc2 (34. Rd2 $11) 34... Rd7 {[%emt 0:02:00] Black has more active pieces.} (34... f4 $17 35. Be4 Rd7) 35. Qb3 $2 (35. Qe2 $1 $15) 35... Rda7 $2 (35... Bxf2 $1 $19 {has better winning chances.} 36. Rg1 Qxd3 (36... Bxg1+ $2 37. Rxg1 Qxd3 38. Qxa2 $19) 37. Qxa2 Qxf3 (37... Bxg1+ $2 38. Rxg1 Qxf3 39. Bc1 $19)) 36. Kg2 {[%emt 0:00:47] [#]} ({Better is} 36. Rd2) 36... R7a4 $1 $17 37. Rd2 {[%emt 0:00:50] [#]} Rxb2 38. Rbxb2 (38. Qxa4 Rxd2 39. Rf1 Kg7 $19 (39... Rxd3 $2 40. Qa2 $19)) 38... Rb4 39. Qa2 {[%emt 0:00:30] Qa8+ would now be deadly.} Bxb2 40. Rxb2 Rxb2 (40... Qxd3 $6 41. Rd2 Qc3 (41... Qxc4 $2 42. Qa1 $18) 42. Rd8+ Kg7 43. Qa7 $11) 41. Qxb2 Qxd3 $19 {[%emt 0:30:11][%mdl 4096] Endgame KQB-KQB. Black is a pawn up.} 42. Qe5 (42. Be2 $17 Qe4+ 43. f3) 42... Qd6 $2 (42... Qxc4 43. Qb8+ Kg7 44. Qe5+ Kf8 45. Qb8+ Kg7 (45... Be8 46. Bc6 $16) 46. Qe5+ Kf8 47. Qb8+ Kg7 $11) (42... Bxc4 $19 {Threatens to win with ...Qf1+.} 43. Qxe7 Qf1+ (43... Bxb5 44. Qe6+ Kf8 45. Qf6+ Kg8 46. Qe6+ Kf8 47. Qf6+ Ke8 48. Qe6+ Kf8 $11) 44. Kh2 Qxf2+ (44... Bxb5 45. Bd5+ Kh8 46. Qf8#) 45. Bg2 Qd4 (45... Bxb5 46. Qe6+ Kf8 47. Qf6+ Kg8 48. Qe6+ Kf8 49. Qf6+ Kg8 50. Qe6+ $11)) 43. Qe2 e5 (43... Be6 $17 44. Qc2 Qd4) 44. Bc6 e4 (44... Kg7 $17) 45. Qa2 $1 $11 Qd8 46. h4 h6 47. h5 gxh5 48. Qa1 {[%emt 0:00:00] Prevents h4} (48. Bd5 $11 {was the only way to keep the balance.}) 48... h4 (48... e3 49. Qe5 exf2 (49... Bxc4 50. Qxe3 Kh7 51. Qe5 $15) 50. Qxf5 Qg5 (50... Bxc4 51. Qg6+ Kh8 52. Qxh6+ Kg8 53. Qg6+ Kf8 54. Qh6+ Kg8 55. Qg6+ Kf8 56. Qh6+ Kg8 $11) 51. Qxf2 Bxc4) 49. Qe5 (49. gxh4 $17 {was the only defense.} Qxh4 50. Bd5) 49... hxg3 $19 ({Don't take} 49... Bxc4 50. Qxf5 Bf7 51. Bxe4 $15) 50. Kxg3 Bxc4 51. Kh3 $2 (51. Qxf5 Qg5+ 52. Qxg5+ hxg5 53. Bxe4) 51... Qg5 $2 ({Black should play} 51... Bf1+ $19 52. Kh2 Qg5 53. Qe8+ Kg7 54. Qd7+ Kh8 55. Qe8+ Qg8 56. Qe5+ Qg7 57. Qe8+ Kh7 58. Bxe4 fxe4 59. Qxe4+ Kg8 (59... Qg6 $2 60. Qb7+ Qg7 61. Qe4+ Kg8 62. Qd5+ Qf7 63. Qa8+ Kh7 64. Qe4+ Kg7 65. Qg4+ Kh8 66. Qh4 $19) 60. Qd5+ Qf7 61. Qa8+ Kh7 62. Qe4+ Kg7 63. Qe5+ Qf6 64. Qc7+ Kg6 65. Qg3+ Kh5) 52. Qe8+ $2 (52. Bd5+ $11 Bxd5 53. Qxd5+ Kh8 54. Qe5+ Qg7 55. Qxf5) 52... Kh7 {[%emt 0:00:00] Black is clearly winning.} 53. Qd7+ Kh8 54. Qe8+ Kg7 {[%emt 0:02:08] ( -> ...Bf1+)} 55. Qe5+ (55. Qd7+ $142 Bf7 56. Qc7) 55... Kh7 56. Qa1 {[%emt 0:03:04] Against Bf1+} Be2 {[%emt 0:04:13] Weighted Error Value: White=0.77/Black=0.38  Loses game:     	White=2     	---        Missed win:     	---       	Black=3      Mistake:       	White=9     	Black=4      Inaccurate:     	White=2     	Black=3      OK:         	White=9     	Black=13     Best:        	White=3     	Black=2      Strong:       	White=1     	Black=1} 0-1

[Event "FIDE WSTC Open 50 2025"]
[Site "Prague"]
[Date "2025.02.19"]
[Round "3.26"]
[White "Svensson, Bengt"]
[Black "Folkova, Martina"]
[Result "1/2-1/2"]
[Annotator "RC"]
[ECO "C84"]
[WhiteElo "2297"]
[BlackElo "2031"]
[PlyCount "83"]
[EventDate "2025.02.17"]
[EventType "team-tourn"]
[EventCountry "CZE"]
[SourceTitle "playchess.com"]
[Source "ChessBase"]
[SourceQuality "1"]
[TimeControl "40/5400+30:1800+30"]

1. e4 e5 2. Nf3 Nc6 3. Bb5 a6 4. Ba4 Nf6 5. O-O Be7 6. d3 b5 7. Bb3 d6 8. c3 O-O 9. Nbd2 Na5 10. Bc2 c5 11. Re1 Nc6 12. Nf1 Re8 13. Ng3 Bf8 14. h3 h6 15. d4 exd4 16. cxd4 cxd4 17. Nxd4 Nxd4 18. Qxd4 Qc7 19. Bb3 d5 20. e5 Bc5 21. Qf4 Bd6 22. Qh4 Bxe5 23. Bxh6 gxh6 24. Qxh6 Re6 25. Nf5 Ne4 26. Qh4 Bb7 27. Rxe4 dxe4 28. Qg5+ Kf8 29. Bxe6 fxe6 30. Qh6+ Bg7 31. Qxe6 Re8 32. Nxg7 Qxg7 33. Qd6+ Kg8 34. Kh1 e3 35. f3 e2 36. Re1 Qe5 37. Qg6+ Kf8 38. Rxe2 Qxe2 39. Qf6+ Kg8 40. Qg6+ Kh8 41. Qh6+ Kg8 42. Qg6+ 1/2-1/2